 Dungeon Crawl Stone Soup version 0.26.0-8-g74fc34ddfb (webtiles) character file.

Game seed: 16565037882723390676

9582 Gauvater the Blocker (level 11, 0/87 HPs)
             Began as a Formicid Fighter on Jan 12, 2021.
             Was an Elder of Zin.
             Slain by an orc knight
             ... wielding a +0 glaive
              (14 damage)
             ... in a bailey.
             The game lasted 01:10:55 (13447 turns).

Gauvater the Blocker (Formicid Fighter)            Turns: 13447, Time: 01:10:55

Health: 0/87       AC: 11    Str: 27    XL:     11   Next: 77%
Magic:  15/15      EV: 14    Int: 11    God:    Zin [****..]
Gold:   602        SH: 17    Dex: 13    Spells: 10/10 levels left

rFire    x . .     SeeInvis +   a - +2 hand axe (elec)
rCold    + . .     Faith    .   c - +0 kite shield
rNeg     . . .     Spirit   .   W - +0 steam dragon scales
rPois    ∞         Reflect  +   (helmet unavailable)
rElec    .         Harm     .   w - +0 cloak
rCorr    .         Rampage  .   (no gloves)
Will     +....                  i - +2 pair of boots
Stlth    +++.......             J - amulet of reflection
HPRegen  0.24/turn              F - ring of ice
MPRegen  0.14/turn              Z - ring of poison resistance

@: mighty, vitalised
A: permanent stasis, dig shafts and tunnels, four strong arms, antennae 3
a: Dig, Renounce Religion, Recite, Vitalisation, Imprison, Donate Gold


You were in a bailey.
You worshipped Zin.
Zin was greatly pleased with you.
You visited 2 branches of the dungeon, and saw 13 of its levels.
You also visited: Bailey.

You collected 668 gold pieces.
You donated 66 gold pieces to Zin.

Inventory:

Hand Weapons
 a - a +2 hand axe of electrocution (weapon)
 b - a +5 hand axe
 s - the +7 whip of Proximity {vorpal, Int+3 Dex+3}
   (You found it on level 6 of the Dungeon)

   It inflicts extra damage upon your enemies.
   It affects your intelligence (+3).
   It affects your dexterity (+3).
 N - a +4 mace
 O - a +1 whip of electrocution
 S - a +4 flail
Missiles
 g - 460 stones
 l - 4 curare-tipped darts
 u - 49 poisoned darts
 L - 7 boomerangs (quivered)
Armour
 c - a +0 kite shield (worn)
 i - a +2 pair of boots (worn)
 w - a +0 cloak (worn)
 G - the +2 leather armour of the Guardian {Dex+4}
   (You found it on level 8 of the Dungeon)

   It affects your dexterity (+4).
 R - a +2 chain mail of willpower
 U - a +2 chain mail of fire resistance
 W - +0 steam dragon scales (worn)
Jewellery
 F - a ring of ice (left hand)
 I - an uncursed amulet of guardian spirit
 J - an amulet of reflection (around neck)
 Z - a ring of poison resistance (right hand)
Wands
 e - a wand of disintegration (9)
 p - a wand of paralysis (6)
 H - a wand of digging (2)
 V - a wand of flame (26)
 X - a wand of acid (8)
Scrolls
 h - a scroll of acquirement {unknown}
 n - 4 scrolls of enchant armour
 o - 5 scrolls of remove curse
 q - 3 scrolls of fog
 v - a scroll of amnesia
 y - 3 scrolls of immolation
Potions
 d - 3 potions of might
 f - a potion of berserk rage {unknown}
 j - 2 potions of brilliance
 k - 2 potions of resistance {unknown}
 m - 9 potions of curing
 z - a potion of ambrosia
 B - 3 potions of cancellation
 C - 2 potions of flight
 E - 2 potions of invisibility


   Skills:
 * Level 8.6 Fighting
 + Level 8.5(9.3) Axes
 + Level 5.7(8.0) Maces & Flails
 + Level 2.8 Throwing
 + Level 6.7 Armour
 + Level 4.0 Dodging
 + Level 5.3 Stealth
 + Level 9.5 Shields
 * Level 6.1 Invocations


You had 10 spell levels left.
You didn't know any spells.
Your spell library was empty.

Dungeon Overview and Level Annotations

Branches:
Dungeon (12/15)            Temple (1/1) D:7            Lair (0/6) D:8
    Orc (0/2) D:12         Bailey (1/1)

Altars:
Ashenzari
Cheibriados
Dithmenos
Elyvilon
Fedhas
Gozag
Kikubaaqudgha
Nemelex Xobeh
Okawaru
Ru
Sif Muna
Trog
Uskayaw
Vehumet
Wu Jian
Xom
Zin
The Shining One

Annotations:
D:8 3 runed translucent doors, 1 exclusion, topfpfpflanze's ghost, novice FoFi
D:9 2 transporters, Thargor's ghost, novice DEFE


Innate Abilities, Weirdness & Mutations

You cannot be hasted, slowed, berserked, paralysed or teleported.
You can dig through walls and to a lower floor.
Your four strong arms can wield two-handed weapons with a shield.
You have a pair of large antennae on your head. (SInv)


Message History

The orc knight hits you from afar with a +0 glaive!!
* * * LOW HITPOINT WARNING * * *
The orc knight hits you but does no damage.
You feel much better.
The orc knight hits you with a +0 halberd!
* * * LOW HITPOINT WARNING * * *
You block the orc knight's attack. x2
You feel better.
You are ready to recite again.
The orc knight completely misses you. You block the orc knight's attack.
You closely miss the orc knight.
The orc knight is heavily wounded.
You closely miss the orc knight. You block the orc knight's attack. x2
The orc knight hits you from afar with a +0 halberd!!
* * * LOW HITPOINT WARNING * * *
An orc knight comes into view. It is wielding a +0 halberd.
The orc knight closely misses you.
You feel better. You block the orc knight's attack.
The orc knight hits you from afar with a +0 glaive!
You die...

#.).)...#
##.....##
##'''##
#.....#
#.....#
#..!..#
#.....#
#.....#
##o@o##
#..)).#
#.o.o)..#
#...o...#
#...)...#
#.......#
#..o....#
##.....##


You could see 5 orc knights and an orc warrior (confused).

Vanquished Creatures
  Harold (D:9)
  2 two-headed ogres
  An unseen horror (D:10)
  A komodo dragon (D:8)
  A wyvern (D:9)
  6 yaks (D:10)
  A steam dragon (D:11)
  2 water moccasins
  2 orc warriors (Bailey)
  3 sky beasts
  2 ogres
  An eye of draining (D:8)
  4 ice beasts
  2 phantoms
  4 centaurs
  A gnoll sergeant (D:9)
  3 bullfrogs
  4 scorpions
  17 killer bees
  7 howler monkeys
  23 wights
  3 bullfrog zombies
  4 orc priests
  A quasit (D:12)
  6 hounds
  4 jellies
  A bullfrog skeleton (D:9)
  9 orc wizards
  Terence (D:3)
  A centaur skeleton (D:4)
  5 iguanas
  6 worker ants
  A hound zombie (D:7)
  4 gnolls (D:9)
  8 adders
  A howler monkey skeleton (D:10)
  A shadow imp (D:9)
  A white imp (D:10)
  4 adder skeletons
  An adder zombie (D:9)
  2 worms
  3 dart slugs
  4 leopard geckos
  68 orcs
  2 giant cockroaches
  9 goblins
  13 hobgoblins
  9 jackals
  2 quokkas
  3 ball pythons
  6 bats
  4 frilled lizards
  A jackal zombie (D:5)
  20 kobolds
  5 rats
301 creatures vanquished.

Vanquished Creatures (others)
  6 fungi (D:12)
  52 plants
  A toadstool (D:12)
59 creatures vanquished.

Grand Total: 360 creatures vanquished

Notes
Turn   | Place    | Note
-------+----------+-------------------------------------------
     0 | D:1      | Gauvater the Formicid Fighter began the quest for the Orb.
     0 | D:1      | Reached XP level 1. HP: 18/18 MP: 1/1
   218 | D:1      | Reached XP level 2. HP: 24/24 MP: 2/2
   589 | D:1      | Reached XP level 3. HP: 27/29 MP: 3/3
  1609 | D:2      | Found a sacrificial altar of Ru.
  1681 | D:2      | Found an iron altar of Okawaru.
  1708 | D:2      | Reached XP level 4. HP: 35/35 MP: 4/4
  1931 | D:2      | Reached skill level 4 in Shields
  1998 | D:2      | Found a glowing golden altar of the Shining One.
  2236 | D:3      | Found a hide-covered altar of Uskayaw.
  2237 | D:3      | Noticed Terence
  2246 | D:3      | Killed Terence
  2247 | D:3      | Reached XP level 5. HP: 40/42 MP: 5/5
  2806 | D:3      | Found a faded altar of an unknown god.
  2932 | D:3      | Found a snail-covered altar of Cheibriados.
  3444 | D:4      | Reached XP level 6. HP: 39/48 MP: 6/6
  3446 | D:4      | Reached skill level 1 in Dodging
  3750 | D:4      | Reached skill level 1 in Stealth
  3779 | D:4      | Found a blossoming altar of Fedhas.
  4006 | D:4      | Noticed a phantom
  4074 | D:4      | Killed a phantom
  4075 | D:4      | Reached XP level 7. HP: 34/54 MP: 7/7
  4256 | D:4      | Reached skill level 5 in Axes
  4914 | D:5      | Entered Level 5 of the Dungeon
  4937 | D:5      | Reached skill level 5 in Armour
  5030 | D:5      | Reached skill level 5 in Shields
  5294 | D:5      | Reached skill level 1 in Throwing
  5362 | D:5      | Reached XP level 8. HP: 38/61 MP: 8/8
  5936 | D:5      | Reached skill level 6 in Shields
  6470 | D:6      | Found a broken altar of Ashenzari.
  6520 | D:6      | Reached skill level 5 in Fighting
  6724 | D:6      | Found a radiant altar of Vehumet.
  6744 | D:6      | Got a translucent whip
  6745 | D:6      | Identified the +7 whip of Proximity {vorpal, Int+3 Dex+3}
                  | (You found it on level 6 of the Dungeon)
  6824 | D:6      | Reached skill level 1 in Maces & Flails
  6824 | D:6      | Reached XP level 9. HP: 68/68 MP: 9/9
  6834 | D:6      | Found an opulent altar of Gozag.
  7200 | D:7      | Found a staircase to the Ecumenical Temple.
  7588 | D:7      | Reached skill level 7 in Shields
  8204 | D:8      | Found an iron altar of Okawaru.
  8213 | D:8      | Got a faintly humming leather armour
  8223 | D:8      | Identified the +2 leather armour of the Guardian {Dex+4}
                  | (You found it on level 8 of the Dungeon)
  8225 | D:8      | Found a runed translucent gate.
  8671 | D:8      | Noticed a komodo dragon
  8683 | D:8      | Killed a komodo dragon
  8684 | D:8      | Reached XP level 10. HP: 30/77 MP: 10/10
  8980 | D:8      | Found a runed translucent gate.
  8981 | D:8      | Noticed a ten-headed hydra
  8982 | D:8      | Noticed topfpfpflanze's ghost (novice FoFi)
  8997 | D:8      | Found a runed translucent gate.
  9056 | D:8      | Found a white marble altar of Elyvilon.
  9204 | Temple   | Entered the Ecumenical Temple
  9384 | Temple   | Became a worshipper of Zin the Law-Giver
  9384 | Temple   | Reached * piety under Zin
  9384 | Temple   | Reached ** piety under Zin
  9451 | D:8      | Reached skill level 1 in Invocations
  9531 | D:8      | Found a shimmering altar of Xom.
  9588 | D:8      | Reached skill level 8 in Shields
  9700 | D:8      | Found a staircase to the Lair.
  9948 | D:9      | Found a transporter.
  9948 | D:9      | Found a transporter.
  9972 | D:9      | Noticed Thargor's ghost (novice DEFE)
 10117 | D:9      | Found an ornate altar of the Wu Jian Council.
 10483 | D:9      | Noticed Harold
 10511 | D:9      | Killed Harold
 10650 | D:9      | Noticed a two-headed ogre
 10665 | D:9      | Killed a two-headed ogre
 10666 | D:9      | Reached XP level 11. HP: 75/86 MP: 13/13
 10757 | D:10     | Entered Level 10 of the Dungeon
 10846 | D:10     | Noticed an unseen horror
 10854 | D:10     | Killed an unseen horror
 10855 | D:10     | Reached skill level 5 in Maces & Flails
 11011 | D:10     | Reached skill level 9 in Shields
 11164 | D:10     | Reached skill level 5 in Invocations
 11180 | D:10     | Reached skill level 5 in Stealth
 12142 | D:11     | Reached *** piety under Zin
 12495 | D:11     | Noticed a two-headed ogre
 12510 | D:11     | Killed a two-headed ogre
 13281 | D:12     | Found a flagged portal.
 13319 | Bailey   | Entered a bailey
 13362 | Bailey   | Reached **** piety under Zin
 13431 | Bailey   | Noticed an orc knight
 13432 | Bailey   | Noticed an orc knight
 13432 | Bailey   | Noticed an orc knight
 13438 | Bailey   | Noticed an orc knight
 13446 | Bailey   | HP: 3/87 [orc knight/+0 halberd (21)]
 13446 | Bailey   | Noticed an orc knight
 13447 | Bailey   | Slain by an orc knight

Illustrated notes

Levels and vault maps discovered:
D:1:      dpeg_arrival_court, layout_loops_corners, lexackson_kobold_supper
D:2:      layout_loops_ring, nicolae_ru_the_path_less_chosen,
          nicolae_overflow_crystal_walls, nicolae_tso_swordbearing_angel,
          corexii_corridor_pit, grunt_decor_one_mirror
D:3:      layout_basic, kennysheep_slug_shrine, eat_drink_and_be_merry_uskayaw,
          chequers_ecumenical_altar_simple_redux, uniq_terence
D:4:      layout_basic, fedhas_bush_and_centaur_altar, minivault_25
D:5:      layout_basic
D:6:      layout_rooms, ashenzari_conservatory_becter,
          nicolae_gozag_cash_rules_everything_around_me, vehumet_crystals,
          corexii_shack, roderic_roman_lattice
D:7:      corexii_shack_village, layout_basic,
          minmay_temple_entry_drinking_statues
D:8:      layout_rooms, lemuel_crystal_altar, tgw_xom, david_lair_shrubbed,
          gammafunk_ghost_hydra_chop, okawaru_ov_weapons_minmay
D:9:      layout_small_grid, kennysheep_mini, nzn_ghost_randoct,
          corexii_leaking_fountain, uniq_harold
D:10:     layout_roguey, evilmike_butchery
D:11:     layout_loops_corners
D:12:     layout_basic, minmay_orc_entry_guard_dogs, enter_bailey_6,
          minmay_gold_behind_fungi, fountainhead, hangedman_tree_tricks
Temple:   jpeg_temple_alley_garden
Bailey:   bailey_polearm_5, bailey

Skill      XL: |  1  2  3  4  5  6  7  8  9 10 11 |
---------------+----------------------------------+-----
Axes           | 3 4 5 6 7 8 |  8.5
Armour         | 4 5 6 |  6.7
Shields        | 4 5 6 7 8 9 |  9.5
Dodging        | 1 2 3 4 |  4.0
Fighting       | 4 5 6 7 8 |  8.6
Stealth        | 1 3 4 5 |  5.3
Throwing       | 1 2 |  2.8
Maces & Flails | 1 3 4 5 |  5.7
Invocations    | 3 6 |  6.1

Action                   |  1- 3 |  4- 6 |  7- 9 | 10-12 || total
-------------------------+-------+-------+-------+-------++-------
Melee: War axe           |    94 |   173 |       |       ||   267
       Hand axe          |       |    38 |   246 |   207 ||   491
       Whip              |       |       |   141 |   269 ||   410
Throw: Stone             |       |    13 |     2 |       ||    15
       Dart              |       |       |    15 |    17 ||    32
       Boomerang         |       |       |       |    11 ||    11
Invok: Vitalisation      |       |       |       |     3 ||     3
       Recite            |       |       |       |     3 ||     3
 Abil: Dig               |     1 |     1 |       |     4 ||     6
Evoke: Wand              |       |       |       |     9 ||     9
  Use: Scroll            |       |     6 |     4 |    16 ||    26
       Potion            |       |       |       |     5 ||     5
 Stab: Sleeping          |       |       |       |     5 ||     5
       Invisible         |       |       |       |     1 ||     1
       Paralysed         |       |       |       |     1 ||     1
Armor: Scale mail        |    45 |    80 |    72 |       ||   197
       Leather armour    |       |       |    11 |    31 ||    42
       Steam dragon scal |       |       |       |    19 ||    19
Dodge: Dodged            |    35 |    73 |   139 |    97 ||   344
Block: Kite shield       |    55 |    95 |   177 |   267 ||   594
       Reflection        |       |       |       |     7 ||     7
